 Dungeon Crawl Stone Soup version 0.24-a0-441-g27f0392 (webtiles) character file.

Game seed: 8821252533416818947

215 pkoi the Ruffian (level 5, -3/38 HPs)
             Began as a Demonspawn Gladiator on June 20, 2019.
             Slain by a gnoll
             ... wielding a +0 whip
              (11 damage)
             ... on level 2 of the Dungeon.
             The game lasted 00:03:16 (2453 turns).

pkoi the Ruffian (Demonspawn Gladiator)             Turns: 2453, Time: 00:03:16

Health: -3/38      AC:  3    Str: 15    XL:     5   Next: 60%
Magic:  5/5        EV: 12    Int: 10    God:
Gold:   152        SH:  0    Dex: 14    Spells: 4/4 levels left

rFire    . . .     SeeInvis .     - Unarmed
rCold    . . .     Gourm    .   (no shield)
rNeg     . . .     Faith    .   a - +0 leather armour
rPois    .         Spirit   .   (helmet restricted)
rElec    .         Reflect  .   (no cloak)
rCorr    .         Harm     .   (no gloves)
MR       .....                  (no boots)
Stlth    +.........             (no amulet)
HPRegen  0.12/turn              (no ring)
MPRegen  0.09/turn              (no ring)

@: lethally poisoned (-3 -> -6)
A: antennae 2, powered by death 1
a: no special abilities


You were on level 2 of the Dungeon.
You were not hungry.

You visited 1 branch of the dungeon, and saw 3 of its levels.

You collected 152 gold pieces.

Inventory:

Hand Weapons
 f - a +1 short sword of draining
Missiles
 c - 3 throwing nets (quivered)
 g - 2 boomerangs
Armour
 a - a +0 leather armour (worn)
 b - a +0 helmet
Jewellery
 s - an uncursed amulet of rage {unknown}
Wands
 h - a wand of random effects (18)
Scrolls
 e - a scroll of teleportation {unknown}
 j - a scroll of remove curse {unknown}
 l - a scroll of identify {unknown}
 m - 2 scrolls of amnesia {unknown}
 n - 2 scrolls of fog {unknown}
 q - a scroll of magic mapping {unknown}
Potions
 i - a potion of heal wounds {unknown}
 k - a potion of curing {unknown}
 o - a potion of agility {unknown}
 p - a potion of brilliance {unknown}
 r - a potion of haste {unknown}
Comestibles
 d - 8 rations
 t - 4 chunks of flesh


   Skills:
 - Level 2.0 Fighting
 - Level 1.7 Throwing
 - Level 2.6 Dodging
 + Level 5.8 Unarmed Combat


You had 4 spell levels left.
You didn't know any spells.
Your spell library was empty.

Dungeon Overview and Level Annotations

Branches:
Dungeon (3/15)

Altars:
Elyvilon
Nemelex Xobeh


Innate Abilities, Weirdness & Mutations

You have a pair of antennae on your head.
You regenerate a little health from kills.


Message History

You barely miss the gnoll.
The gnoll is moderately wounded.
The gnoll hits you with a +0 whip.
* * * LOW HITPOINT WARNING * * *
You barely miss the gnoll.
The gnoll is moderately wounded.
You feel sick. The gnoll hits you with a +0 whip.
* * * LOW HITPOINT WARNING * * *
You hit the gnoll. You punch the gnoll!
The gnoll is almost dead.
The gnoll hits you with a +0 whip.
* * * LOW HITPOINT WARNING * * *
You barely miss the gnoll.
The gnoll is almost dead.
The gnoll hits you with a +0 whip.
* * * LOW HITPOINT WARNING * * *
You barely miss the gnoll.
The gnoll is almost dead.
You feel sick. The gnoll hits you with a +0 whip!
You die...

##...## #.# #.# #.######
#.....###.# #.# ###.### #
##........# #.# #...).# #
##.####### #.# #.#.#.# # #.#
####.##### #.#.#.# # #.#
##....÷...###.#.#.# # ##'##
#......>.........(# # ##...##
#..##g###..##.##).# #.....##
#..##@###..##.##..# .......##
#..##..##..##.##).# #
........####...##.##..##.....####
..).....+.......................'
........###...........###....####
....÷..## #.#.#######.###.#.## #
#.....## #.### #.......# ##...##
#.# #####.### ##+## #.# #.#


You could see a gnoll.

Vanquished Creatures
  Natasha (thrice) (D:2)
  2 gnolls
  4 adders (D:2)
  2 oozes
  A worm (D:2)
  5 dart slugs
  A leopard gecko (D:1)
  3 giant cockroaches
  8 goblins
  10 hobgoblins
  5 quokkas (D:2)
  2 ball pythons
  5 bats
  4 frilled lizards
  8 kobolds
  4 rats
67 creatures vanquished.

Notes
Turn   | Place    | Note
-------+----------+-------------------------------------------
     0 | D:1      | pkoi the Demonspawn Gladiator began the quest for the Orb.
     0 | D:1      | Reached XP level 1. HP: 16/16 MP: 1/1
    42 | D:1      | Reached skill level 3 in Unarmed Combat
   139 | D:1      | Found a sparkling altar of Nemelex Xobeh.
   183 | D:1      | Gained mutation: You regenerate a little health from kills.
                  | [demonic ancestry]
   183 | D:1      | Reached XP level 2. HP: 21/22 MP: 2/2
   323 | D:1      | Reached XP level 3. HP: 27/27 MP: 3/3
   599 | D:1      | Reached skill level 4 in Unarmed Combat
   896 | D:2      | Gained mutation: You have a pair of small antennae on your
                  | head. [demonic ancestry]
   896 | D:2      | Reached XP level 4. HP: 33/33 MP: 4/4
  1028 | D:2      | Noticed Natasha
  1042 | D:2      | Killed Natasha
  1236 | D:2      | Noticed Natasha
  1245 | D:2      | Killed Natasha
  1245 | D:2      | Reached skill level 5 in Unarmed Combat
  1246 | D:2      | Found a white marble altar of Elyvilon.
  1325 | D:2      | Noticed Natasha
  1728 | D:2      | Killed Natasha
  1728 | D:2      | Gained mutation: You have a pair of antennae on your head.
                  | [demonic ancestry]
  1728 | D:2      | Reached XP level 5. HP: 7/38 MP: 5/5
  2453 | D:2      | Slain by a gnoll

Levels and vault maps discovered:
D:1:      lightli_arrival_isolated_outpost, layout_basic, nemelex_altar_shiori
D:2:      layout_loops_corners, elyvilon_altar_1, minmay_split_cup_large,
          uniq_natasha
D:3:      layout_loops_ring, minmay_misc_feat_secret_circle, serial_park_tiny_2

Skill      XL: |  1  2  3  4 |
---------------+-------------+-----
Unarmed Combat | 3 4 5 |  5.8
Fighting       | |  2.0
Throwing       | |  1.7
Dodging        | |  2.6

Action                   |  1- 3 |  4- 6 || total
-------------------------+-------+-------++-------
Melee: Short sword       |    84 |    27 ||   111
       Unarmed           |     5 |    97 ||   102
       Punch             |     3 |     2 ||     5
 Stab: Sleeping          |     1 |       ||     1
  Eat: Chunk             |       |     5 ||     5
Armor: Leather armour    |    32 |    14 ||    46
Dodge: Dodged            |    56 |    59 ||   115

Table legend:
 A = Non-vault XP
 B = Vault XP
 C = Vault XP percentage of total XP
 D = Non-vault monster count
 E = Vault monster count
 F = Vault count percentage of total count
                 A         B        C        D         E       F
            +---------+---------+-------+---------+---------+-------
      Total |     240 |      68 |  22.1 |      61 |       6 |   9.0
            +---------+---------+-------+---------+---------+-------
        D:1 |      64 |       0 |   0.0 |      29 |       0 |   0.0
        D:2 |     162 |      68 |  29.6 |      31 |       6 |  16.2
        D:3 |      14 |       0 |   0.0 |       1 |       0 |   0.0
            +---------+---------+-------+---------+---------+-------
